Holly, chaotic male elven Ranger -- -.---- .....- --)..... - |@h.| . |d--- -.---|.| ...-|[| --..|.| |...%)| |.....-- |..%...| ---.....--- |.........|-- ---.........|.-- |.......--...<.| |..----------..| ---- |..-- |...| |..-- ---- Holly the Lookout Experience level: 5 Strength: 16 Dexterity: 12 Constitution: 14 Intelligence: 13 Wisdom: 14 Charisma: 7 Health: 0(37) Energy: 38(38) Def: 4 Gold: 309 Moves: 1756 Dungeon seed: bNgGm_BXcpp0OHdE Game ID: Holly_1616380011 Your Inventory: Coins $ - 309 gold pieces Weapons a - a +1 elven dagger (weapon in hand) b - a +1 elven bow (alternate weapon; not wielded) c - 44 blessed +2 elven arrows (in quiver) d - 34 +0 elven arrows g - 25 +0 darts k - a +0 orcish dagger t - 4 +0 daggers Armor e - an uncursed +2 elven cloak (being worn) n - an uncursed +0 orcish helm (being worn) w - an uncursed +0 dwarvish mithril-coat y - an uncursed +0 dwarvish cloak z - an uncursed +0 dwarvish cloak Comestibles f - 3 uncursed lembas wafers j - an uncursed candy bar Scrolls s - an uncursed scroll of teleportation Wands h - a wand of speed monster (0:5) Tools m - 3 uncursed tallow candles (0:200) o - a can of grease (0:20) v - an uncursed wax candle (0:400) Gems q - an uncursed turquoise stone r - an uncursed worthless piece of blue glass N - an uncursed worthless piece of black glass Y - 2 uncursed worthless pieces of red glass Spells and supernatural/magical abilities: Name Level Category Fail Memory W - pray for help -- divine ? -- Your skills at the end: Fighting Skills Weapon Skills dagger [Basic] bow [Basic] Spellcasting Skills Final Attributes: You were piously aligned. You were sleep resistant. You had automatic searching. You had infravision. You were stealthy. You are dead. Vanquished creatures: a pony 3 gnome lords a gnomish wizard a golden naga hatchling 3 dwarves a kobold shaman 4 giant rats 13 gnomes a jackal 2 kobolds a goblin 5 sewer rats 7 grid bugs a lichen 6 newts 50 creatures vanquished. Voluntary challenges: You used a wielded weapon 50 times, starting on turn 139. You read items or engraved 2 times, starting on turn 94. You never genocided any monsters. You never polymorphed an object. You never changed form. You used no wishes. You never split a pudding. You never wrote Elbereth's name. You never violated your personal moral code. Dungeon overview: The Dungeons of Doom: levels 1 to 3 Level 1 a long staircase Level 2 an altar to Mars, a fountain Level 3 stairs to The Gnomish Mines The Gnomish Mines: levels 4 to 5 Level 4 stairs to The Dungeons of Doom Level 5 <- You were here History has recorded: On T:1 you entered the Dungeons of Doom to retrieve the Amulet of Yendor! On T:332 you reached level 2 of The Dungeons of Doom. On T:562 you advanced to experience level 2. On T:971 you reached level 3 of The Dungeons of Doom. On T:1264 you reached level 1 of The Gnomish Mines. On T:1284 you advanced to experience level 3. On T:1353 you advanced to experience level 4. On T:1547 you advanced to experience level 5. On T:1681 you reached level 2 of The Gnomish Mines. Score breakdown: Gold: 309 ( 8474 points) Experience: 5 levels (11141 points) Exploration: 5 levels ( 11.11%) ( 9045 points) Discoveries: 4 items ( 1.38%) ( 3523 points) Valuables value: (no points given unless you survive) Artifact value: 0 ( 0 points) Variety of kills: 15 monsters ( 3.94%) ( 5952 points) Turncount: 1756 turns ( 0 points) Survival: died (score multiplied by 80%) Total score: 30508 Latest messages: Sirius misses the dwarf. (2x) You feel that Mars is well-pleased. You feel much better. You miss the dwarf. Sirius misses the dwarf. The dwarf swings his broad pick. The dwarf hits! The gnome wields a thonged club! Sirius misses the dwarf. You kill the gnome! Sirius misses the dwarf. You miss the dwarf. Sirius misses the dwarf. The dwarf swings his broad pick. The dwarf hits! Sirius misses the dwarf. u - a potion of healing. You feel better. Sirius misses the dwarf. You miss the dwarf. Sirius misses the dwarf. The dwarf swings his broad pick. The dwarf hits! You die... Final status: Goodbye Holly the Ranger, killed by a dwarf... You died in The Gnomish Mines on dungeon level 5 with 30508 points, and 309 pieces of gold, after 1756 moves. You were level 5 with a maximum of 37 hit points when you died.